AoeStats
← abrahambeal

Arabia

505095295Analyzed
1v1 RM · 23d ago on Sep 7, 2026· 47m 34s· 2 players
Game mode
Random Map
Map size
Tiny (2 player)
Population
200
Speed
Normal
Resources
Standard
Victory
Conquest
Starting age
Dark Age
Ending age
Imperial Age
RankedLock teamsTeams togetherTeam positionsShared explorationLock speedFull tech treeHidden civsTurbo modeCheats
Victory
Defeat
🇩🇰 Goths · Denmark
635
+18
🇬🇧 Franks · United Kingdom
668
-40
xiribitatatata
8:40 Loom
10:25 Feudal Age
12:18 Man-at-Arms
13:00 Double-Bit Axe
14:38 Wheelbarrow
17:21 Scale Mail Armor
18:47 Forging
20:06 Horse Collar
26:13 Castle Age
26:16 Long Swordsman
26:57 Squires
27:09 Heavy Plow
27:41 Bow Saw
29:29 Chain Mail Armor
29:49 Iron Casting
29:20 Scale Barding Armor
31:34 Hand Cart
33:02 Stone Mining
33:03 Gold Mining
33:17 Murder Holes
35:23 Town Watch
35:37 Fletching
36:38 Bodkin Arrow
39:34 Imperial Age
39:49 Elite Huskarl
40:50 Conscription
43:26 Crop Rotation
abrahambeal
12:07 Feudal Age
10:23 Loom
19:50 Castle Age
17:42 Double-Bit Axe
18:17 Scale Barding Armor
19:57 Forging
25:24 Husbandry
33:56 Bow Saw
35:28 Chain Barding Armor
41:56 Fortified Wall
41:42 Murder Holes
41:58 Masonry
43:01 Ballistics
42:33 Guard Tower
44:01 Iron Casting
Connection lost

Rejoining the realm…

Still unreachable

The connection could not be restored.

Session expired

The server has moved on; the page needs a fresh start.